 Dungeon Crawl Stone Soup version 0.29.1-15-g9cfb28693d (webtiles) character file.

Game seed: 9521645962555042555

1307 leafyfresh the Covert (level 8, 0/54 (56) HPs)
             Began as an Octopode Delver on Mar 4, 2023.
             Was an Initiate of Ashenzari.
             Slain by Ast3rio's ghost (8 damage)
             ... on level 4 of the Dungeon.
             The game lasted 00:09:03 (6635 turns).

leafyfresh the Covert (Octopode Delver)             Turns: 6635, Time: 00:09:04

HP:   0/54 (56)     AC:  1    Str: 11    XL:     8   Next: 57%
MP:   8/8           EV: 15    Int: 14    God:    Ashenzari [......]
Gold: 308           SH:  0    Dex: 14    Spells: 2/7 levels left

rFire   . . .      SeeInvis .   v - +3 dagger (drain)
rCold   . . .      Faith    .   (no shield)
rNeg    . . .      Spirit   .   (helmet restricted)
rPois   .          Reflect  .   (no amulet)
rElec   .          Harm     .   (no ring)
rCorr   .          Rampage  .   (no ring)
Will    .....                   (no ring)
Stlth   +++++.....              (no ring)
HPRegen 0.18/turn               (no ring)
MPRegen 0.11/turn               (no ring)
                                (no ring)
                                (no ring)

@: studying Long Blades, lightly drained
A: almost no armour, amphibious, 8 rings, camouflage 1, gelatinous body 1,
(nimble swimmer 1), tentacles
a: Renounce Religion, Curse Item


You were on level 4 of the Dungeon.
You worshipped Ashenzari.
Ashenzari was noncommittal.
You visited 2 branches of the dungeon, and saw 7 of its levels.

You collected 308 gold pieces.

Inventory:

Hand Weapons
 a - a +0 short sword
 o - a +2 dagger of speed
 v - a +3 dagger of draining (weapon)
Wands
 e - a wand of iceblast (4)
 f - a wand of digging (2)
 s - a wand of quicksilver (1)
Scrolls
 b - a scroll of fog
 c - 2 scrolls of magic mapping
 d - 2 scrolls of teleportation {unknown}
 g - a scroll of noise {unknown}
 i - a scroll of enchant weapon {unknown}
 l - 5 scrolls of identify {unknown}
 m - 3 scrolls of blinking {unknown}
 r - a scroll of immolation {unknown}
Potions
 h - a potion of magic {unknown}
 j - a potion of might {unknown}
 k - 2 potions of haste
 n - a potion of attraction {unknown}
 p - a potion of degeneration {unknown}
 q - 2 potions of berserk rage {unknown}
 t - 2 potions of resistance {unknown}
 u - 2 potions of curing {unknown}


   Skills:
 - Level 5.5 Fighting
 - Level 2.0 Short Blades
 - Level 4.9 Dodging
 - Level 9.4 Stealth
 + Level 5.9 Transmutations


You had 2 spell levels left.
You knew the following spells:

 Your Spells              Type           Power      Damage    Failure   Level
a - Blade Hands           Tmut           8%         N/A       56%         5

Your spell library contained the following spells:

 Spells                   Type           Power      Damage    Failure   Level
 Foxfire                  Conj/Fire      0%         2x1d4     28%         1
 Necrotise                Necr           0%         1d4       28%         1
 Static Discharge         Conj/Air       0%         3-3/arc   41%         2
 Ignite Poison            Fire/Tmut/Pois 5%         N/A       36%         3
 Confusing Touch          Hex            0%         N/A       65%         3
 Conjure Flame            Conj/Fire      0%         6-21      65%         3
 Dazzling Flash           Conj/Hex       0%         N/A       65%         3
 Gell's Gravitas          Tloc           0%         N/A       65%         3
 Inner Flame              Hex/Fire       0%         N/A       65%         3
 Lesser Beckoning         Tloc           0%         N/A       65%         3
 Mephitic Cloud           Conj/Pois/Air  0%         N/A       65%         3
 Portal Projectile        Hex/Tloc       0%         N/A       65%         3
 Teleport Other           Tloc           0%         N/A       65%         3
 Tukima's Dance           Hex            0%         N/A       65%         3
 Vampiric Draining        Necr           0%         2d6       65%         3
 Yara's Violent Unravell  Hex/Tmut       4%         3d4       94%         5
 Dispel Undead            Necr           0%         3d6       96%         4
 Flame Wave               Conj/Fire      0%         2d4       96%         4
 Sticky Flame             Conj/Fire      0%         2d3       96%         4
 Agony                    Necr           0%         N/A       100%        5
 Freezing Cloud           Conj/Ice/Air   0%         6-21      100%        5
 Silence                  Hex/Air        0%         N/A       100%        5
 Enfeeble                 Hex            0%         N/A       100%        7


Dungeon Overview and Level Annotations

Branches:
Dungeon (6/15)             Temple (1/1) D:4

Altars:
Ashenzari
Cheibriados
Gozag
Kikubaaqudgha
Makhleb
Qazlal
Trog
Uskayaw
Wu Jian
Yredelemnul
The Shining One

Annotations:
D:4 Ast3rio's ghost, amateur MiBe


Innate Abilities, Weirdness & Mutations

You cannot wear most types of armour.
You are amphibious.
You can wear up to eight rings at the same time.
Your skin changes colour to match your surroundings (Stealth+).
Your rubbery body absorbs attacks. (AC +1, EV +1)
((You are camouflaged when in or above water. (Stealth+)))
You have tentacles for arms and can constrict up to eight enemies at once.


Message History

You feel sick.
You are no longer poisoned.
Ast3rio's ghost misses you.
You hit Ast3rio's ghost but do no damage.
You squeeze Ast3rio's ghost, but do no damage.
Ast3rio's ghost hits you!
You hit Ast3rio's ghost but do no damage.
You squeeze Ast3rio's ghost, but do no damage.
Ast3rio's ghost hits you.
You hit Ast3rio's ghost but do no damage.
Your squeeze misses Ast3rio's ghost. Ast3rio's ghost closely misses you.
You hit Ast3rio's ghost. You squeeze Ast3rio's ghost!
Ast3rio's ghost is moderately damaged.
Ast3rio's ghost closely misses you.
You hit Ast3rio's ghost but do no damage.
Ast3rio's ghost is moderately damaged.
Ast3rio's ghost hits you.
You hit Ast3rio's ghost.
Ast3rio's ghost is moderately damaged.
The kobold closely misses you. Ast3rio's ghost hits you.
You hit Ast3rio's ghost. You squeeze Ast3rio's ghost!
Ast3rio's ghost is heavily damaged.
The kobold misses you. Ast3rio's ghost completely misses you.
You closely miss Ast3rio's ghost. Your squeeze misses Ast3rio's ghost.
Ast3rio's ghost is heavily damaged.
The kobold hits you with a +0 short sword.
Ast3rio's ghost barely misses you.
You hit Ast3rio's ghost but do no damage.
Ast3rio's ghost is heavily damaged.
You hit Ast3rio's ghost. Your squeeze misses Ast3rio's ghost.
Ast3rio's ghost is heavily damaged.
The kobold completely misses you. Ast3rio's ghost hits you!
* * * LOW HITPOINT WARNING * * *
You hit Ast3rio's ghost but do no damage.
Your squeeze misses Ast3rio's ghost.
Ast3rio's ghost is heavily damaged.
The kobold hits you with a +0 short sword.
* * * LOW HITPOINT WARNING * * *
Ast3rio's ghost hits you!
You die...

#.#.#.#.#.#.#.#.#.#.#...........#
##.#.#.#.#.#.#.#.#.#.#.#.#.####.#
#.#.#.#.......#.#.#.#.#.#.#.#...#
##.#.#.#.....#.#.#.#.#.#.#.##)###
#.#.#.#.......#.#.#.#.#.#.#.#....
##.#.#.#.....#.#.#.#.#.#.#.###...
#.#.#.#.#.#.#.#...#.#.#.#.#.##.##
##.#.#.#.#.#.#..########.........
#.#.#.#.#.#.#.#.@W~~~!~#........#
##.#.#.#.#.#.#.K########........#
....#.#.#.#.#.#...#.#.#.#.#......
.....#.#.#.#.#.....#.#.#.#...####
....#.#.#.#.#.....#.#.#.#....#
.....#.#.#.#.#.....#.#.#.#...#
....#.#.#.#.#.....#.#.#.#....#
.....#.#.#.#.#.....#<#.#.#...# ##
#.#.#.#.#.#.#.#.#.#.#.#.#....###.


You could see Ast3rio's ghost and a kobold.

Vanquished Creatures
  Grinder (D:3)
  Sigmund (D:3)
  3 ogres
  A kobold brigand (D:4)
  2 phantoms
  Blork the orc (D:5)
  A bullfrog (D:4)
  A necrophage (D:4)
  A hound (D:5)
  3 iguanas
  Ijyb (D:4)
  Robin (D:4)
  4 adders
  2 white imps
  An ufetubus (D:5)
  A dart slug (D:2)
  3 orcs
  5 ball pythons
  4 endoplasms
  3 giant cockroaches
  13 goblins
  8 hobgoblins
  4 jackals (D:5)
  6 quokkas
  3 bats
  5 frilled lizards
  23 kobolds
  2 rats
104 creatures vanquished.

Vanquished Creatures (others)
  2 kobolds (D:4)
  47 plants
49 creatures vanquished.

Grand Total: 153 creatures vanquished

Notes
Turn   | Place    | Note
-------+----------+-------------------------------------------
     0 | D:5      | leafyfresh the Octopode Delver began the quest for the Orb.
     0 | D:5      | Reached XP level 1. HP: 16/16 MP: 1/1
     2 | D:5      | Noticed Blork the orc
    14 | D:5      | Killed Blork the orc
    15 | D:5      | Reached skill level 7 in Stealth
    15 | D:5      | Reached XP level 2. HP: 2/22 MP: 2/2
    15 | D:5      | Reached XP level 3. HP: 2/27 MP: 3/3
    15 | D:5      | Reached XP level 4. HP: 3/33 MP: 4/4
   287 | D:5      | Noticed an ogre
   299 | D:5      | Killed an ogre
   300 | D:5      | Reached XP level 5. HP: 4/37 MP: 5/5
   581 | D:5      | Noticed an ogre
   638 | D:5      | Noticed a phantom
  1165 | D:6      | Noticed an ice beast
  1193 | D:6      | Found an opulent altar of Gozag.
  1193 | D:6      | Noticed an orc warrior
  1226 | D:4      | Found a staircase to the Ecumenical Temple.
  1233 | D:4      | Reached skill level 8 in Stealth
  1237 | Temple   | Entered the Ecumenical Temple
  1392 | Temple   | Became a worshipper of Ashenzari the Shackled
  1586 | D:4      | Reached XP level 6. HP: 26/44 MP: 6/6
  1722 | D:4      | Found a runed translucent door.
  1725 | D:4      | Noticed Ast3rio's ghost (amateur MiBe)
  2120 | D:4      | Noticed Robin
  2173 | D:4      | Reached skill level 5 in Fighting
  2173 | D:4      | Reached XP level 7. HP: 11/50 MP: 7/7
  2554 | D:3      | Noticed Grinder
  2563 | D:3      | Killed Grinder
  2564 | D:3      | Reached skill level 9 in Stealth
  2711 | D:3      | Noticed Sigmund
  3299 | D:2      | Found a faded altar of an unknown god.
  3962 | D:1      | Learned a level 5 spell: Blade Hands
  4508 | D:3      | You fall into a shaft and drop 2 floors!
  4611 | D:5      | Reached XP level 8. HP: 37/56 MP: 8/8
  5479 | D:3      | Killed Sigmund
  5934 | D:4      | Killed Robin
  5935 | D:4      | Reached skill level 5 in Transmutations
  6279 | D:4      | Noticed Ijyb
  6294 | D:4      | Killed Ijyb
  6635 | D:4      | Slain by Ast3rio's ghost

Illustrated notes

Levels and vault maps discovered:
D:1:      onia_arrival_pentagram, layout_basic
D:2:      layout_loops_ring, ebering_ecumenical_altar_abandoned
D:3:      layout_loops_ring, uniq_sigmund, uniq_grinder
D:4:      kennysheep_kobold_camp, layout_basic, temple_fountains,
          ebering_ghost_sewer_d, minmay_manual_maat, uniq_ijyb, uniq_robin
D:5:      layout_rooms, gammafunk_temple_overflow_forgotten,
          minmay_fractal_squares_gapless_5, uniq_blork_the_orc
D:6:      layout_loops_ring, mainiacjoe_overflow_brackets,
          mainiacjoe_overflow_six_doors_small, uniq_maggie, uniq_edmund,
          uniq_duvessa
Temple:   hellmonk_temple_of_storms

Skill      XL: |  1  2  3  4  5  6  7  8 |
---------------+-------------------------+-----
Stealth        | 7 8 9 |  9.4
Fighting       | 4 5 |  5.5
Dodging        | 3 4 |  4.9
Transmutations | 2 5 |  5.9
Short Blades   | |  2.0

Action                   |  1- 3 |  4- 6 |  7- 9 || total
-------------------------+-------+-------+-------++-------
Melee: Short sword       |     6 |    54 |    32 ||    92
       Tentacles         |     4 |    16 |    57 ||    77
       Constrict         |     1 |     9 |    36 ||    46
       Punch             |     1 |     2 |     1 ||     4
       Dagger            |       |       |   189 ||   189
Throw: Throwing net      |       |       |     1 ||     1
Evoke: Wand              |       |       |     1 ||     1
  Use: Scroll            |       |     1 |     1 ||     2
       Potion            |       |     1 |       ||     1
 Stab: Sleeping          |     1 |     5 |    23 ||    29
       Distracted        |       |       |     1 ||     1
       Held in net/web   |       |       |     1 ||     1
Armor: Skin              |       |     2 |     7 ||     9
Dodge: Dodged            |     1 |    30 |   114 ||   145
